 Dungeon Crawl Stone Soup version 0.32-a0-616-g9348d4545b (webtiles) character file.

Game seed: 1981503092559971832

328811 Sobieck the Metallomancer (level 20, -16/100 (155) HPs)
             Began as a Mountain Dwarf Earth Elementalist on Mar 3, 2024.
             Was the Champion of Vehumet.
             Killed from afar by a laughing skull (17 damage)
             ... with a bolt of negative energy
             ... on level 1 of the Crypt on Mar 5, 2024.
             The game lasted 02:37:17 (57401 turns).

Sobieck the Metallomancer (MDEE)                   Turns: 57401, Time: 02:37:18

HP:   -16/100 (155) AC: 31    Str: 12    XL:     20   Next: 81%
MP:   49/49         EV:  5    Int: 24    God:    Vehumet [******]
Gold: 1511          SH:  0    Dex: 10    Spells: 2/51 levels left

rFire   + + .        A - staff of fire
rCold   . . .        d - orb {*channel}
rNeg    . . .        F - +4 plate armour {rPois}
rPois   +            s - +0 hat "Xyquuz" {Rampage rF+}
rElec   .            y - +2 cloak {Stlth+}
rCorr   .            X - +2 pair of gloves {Stlth+}
SInv    .            C - +2 pair of boots
Will    ++...        r - amulet of regeneration Stlth
                     a - ring of wizardry
HPRegen 1.16/turn    W - ring of magical power
MPRegen 0.31/turn

%: rampage, wizardry (x1), channel magic (20%)
@: studying Ice Magic, very heavily drained
A: runic magic, artefact enchanting
}: 2/15 runes: decaying, serpentine
a: Renounce Religion


You were on level 1 of the Crypt.
You worshipped Vehumet.
Vehumet was exalted by your worship.
You visited 8 branches of the dungeon, and saw 36 of its levels.
You also visited: Sewer.

You collected 3782 gold pieces.
You spent 2271 gold pieces at shops.

Inventory:

Armour
 d - an orb of energy (worn)
 s - the +0 hat "Xyquuz" (worn) {Rampage rF+}
   (You found it on level 2 of the Orcish Mines)

   rF+:       It protects you from fire.
   Rampage:   It bestows one free step when moving towards enemies.
 y - a +2 cloak of stealth (worn)
 C - a +2 pair of boots (worn)
 F - a +4 plate armour of poison resistance (worn)
 H - a +2 pair of boots
 X - a +2 pair of gloves of stealth (worn)
Magical Staves
 A - a staff of fire (weapon)
 B - a staff of conjuration
Jewellery
 a - a ring of wizardry (left hand)
 c - a ring of protection from cold
 f - a ring of protection from fire
 g - a ring of resist corrosion
 m - a ring of willpower
 o - a ring of poison resistance
 r - an amulet of regeneration (around neck)
 P - the ring "Saitwih" {rC+ Str+6 Dex+3 SInv}
   (You found it on level 4 of the Lair of Beasts)

   [ring of strength]

   Str+6:     It affects your strength (+6).
   Dex+3:     It affects your dexterity (+3).
   rC+:       It protects you from cold.
   SInv:      It lets you see invisible.
 W - a ring of magical power (right hand)
Wands
 w - a wand of acid (38)
 D - a wand of digging (13)
 E - a wand of charming (21)
 M - a wand of warping (34)
 S - a wand of polymorph (7)
 V - a wand of flame (60)
Scrolls
 e - a scroll of blinking
 k - 2 scrolls of silence {!r}
 p - 4 scrolls of fear
 u - 7 scrolls of fog
 v - 3 scrolls of immolation
 z - 3 scrolls of enchant armour
 G - 3 scrolls of poison
 I - 2 scrolls of vulnerability
 K - a scroll of summoning
 L - 4 scrolls of revelation
 O - a scroll of amnesia
 R - 15 scrolls of identify
 T - 12 scrolls of teleportation
Potions
 b - a potion of invisibility
 h - 6 potions of resistance
 i - 3 potions of ambrosia
 j - 3 potions of attraction
 l - 2 potions of cancellation
 n - 7 potions of enlightenment
 q - 8 potions of mutation
 t - 2 potions of heal wounds
 x - a potion of magic
 J - 8 potions of brilliance
 Q - 18 potions of curing
Miscellaneous
 N - a sack of spiders
 U - a phial of floods
 Y - a tin of tremorstones (2/2)
 Z - a lightning rod (4/4)


   Skills:
 - Level 8.0 Fighting
 - Level 14.0 Armour
 - Level 1.3 Dodging
 - Level 1.4 Stealth
 - Level 16.0 Spellcasting
 - Level 9.0 Conjurations
 + Level 18.6 Fire Magic
 - Level 6.0 Air Magic
 - Level 25.0 Earth Magic
 - Level 5.0 Alchemy
 - Level 0.7 Invocations


You had 2 spell levels left.
You knew the following spells:

 Your Spells              Type           Power      Damage    Failure   Level
a - Sandblast             Erth           100%       2d20      1%          1
b - Stone Arrow           Conj/Erth      100%       3d13      1%          3
c - Plasma Beam           Fire/Air       43%        2x1d57    2%          6
d - Shatter               Erth           47%        3d36*     6%          9
e - Swiftness             Air            48%        N/A       3%          3
f - Ignition              Fire           52%        3d14      5%          8
g - Lehudib's Crystal Sp  Conj/Erth      39%        10d10     9%          8
h - Bombard               Conj/Erth      39%        9d7       1%          6
i - Irradiate             Conj/Alch      25%        3d20      3%          5

Your spell library contained the following spells:

 Spells                   Type           Power      Damage    Failure   Level
 Fire Storm               Conj/Fire      45%        8d12      91%         9
 Foxfire                  Conj/Fire      100%       2x1d9     1%          1
 Shock                    Conj/Air       100%       1d9       1%          1
 Sting                    Conj/Alch      100%       1d9       1%          1
 Mercury Vapours          Alch/Air       90%        N/A       1%          2
 Scorch                   Fire           100%       2d9       1%          2
 Apportation              Tloc           38%        N/A       9%          1
 Necrotise                Necr           76%        1d7       9%          1
 Summon Small Mammal      Summ           76%        N/A       9%          1
 Jinxbite                 Hex            38%        N/A       11%         2
 Dazzling Flash           Conj/Hex       80%        N/A       1%          3
 Inner Flame              Hex/Fire       77%        N/A       1%          3
 Mephitic Cloud           Conj/Alch/Air  50%        N/A       1%          3
 Passwall                 Erth           95%        N/A       1%          3
 Airstrike                Air            24%        2d(4-20)  1%          4
 Animate Armour           Summ/Erth      100%       N/A       1%          4
 Brom's Barrelling Bould  Conj/Erth      79%        2d9       1%          4
 Flame Wave               Conj/Fire      91%        2d19      1%          4
 Ignite Poison            Fire/Alch      85%        N/A       1%          4
 Leda's Liquefaction      Alch/Erth      37%        N/A       1%          4
 Petrify                  Alch/Erth      74%        N/A       1%          4
 Sticky Flame             Fire/Alch      85%        2d13      1%          4
 Iskenderun's Battlesphe  Conj           58%        2d11      1%          5
 Starburst                Conj/Fire      45%        6d13      1%          6
 Olgreb's Toxic Radiance  Alch           43%        N/A       2%          4
 Arcjolt                  Conj/Air       26%        1d36      2%          5
 Iskenderun's Mystic Bla  Conj/Tloc      40%        2d9       3%          4
 Frozen Ramparts          Ice            38%        1d6       5%          3
 Freezing Cloud           Conj/Ice/Air   21%        6-21      6%          5
 Yara's Violent Unravell  Hex/Alch       15%        3d8       13%         5
 Call Canine Familiar     Summ           19%        N/A       19%         3
 Fugue of the Fallen      Necr           19%        N/A       19%         3
 Gell's Gravitas          Tloc           19%        N/A       19%         3
 Ozocubu's Armour         Ice            19%        N/A       19%         3
 Sigil of Binding         Hex            19%        N/A       19%         3
 Summon Ice Beast         Ice/Summ       19%        N/A       19%         3
 Teleport Other           Tloc           19%        N/A       19%         3
 Tukima's Dance           Hex            19%        N/A       19%         3
 Vhi's Electric Charge    Tloc/Air       66%        N/A       19%         4
 Alistair's Intoxication  Alch           28%        N/A       21%         5
 Silence                  Hex/Air        16%        N/A       38%         5
 Anguish                  Hex/Necr       9%         N/A       45%         4
 Animate Dead             Necr           19%        N/A       45%         4
 Cause Fear               Hex            9%         N/A       45%         4
 Dimensional Bullseye     Hex/Tloc       9%         N/A       45%         4
 Manifold Assault         Tloc           19%        N/A       45%         4
 Passage of Golubria      Tloc           19%        N/A       45%         4
 Curse of Agony           Necr           19%        N/A       75%         5
 Metabolic Englaciation   Hex/Ice        9%         N/A       75%         5
 Summon Mana Viper        Hex/Summ       19%        N/A       75%         5
 Maxwell's Capacitive Co  Air            24%        ∞         97%         8
 Dispersal                Tloc           9%         N/A       99%         6
 Summon Cactus Giant      Summ           9%         N/A       99%         6
 Ozocubu's Refrigeration  Ice            9%         4d9       99%         7
 Enfeeble                 Hex            9%         N/A       100%        7
 Haunt                    Necr/Summ      9%         N/A       100%        7
 Monstrous Menagerie      Summ           9%         N/A       100%        7
 Discord                  Hex            9%         N/A       100%        8
 Infestation              Necr           9%         N/A       100%        8
 Polar Vortex             Ice            9%         12d1*     100%        9


Dungeon Overview and Level Annotations

Branches:
Dungeon (15/15)            Temple (1/1) D:7            Lair (5/5) D:8
  Swamp (4/4) Lair:2        Snake (4/4) Lair:3        Slime (0/5) Lair:5
    Orc (2/2) D:9             Elf (0/3) Orc:2        Vaults (4/5) D:14
  Crypt (1/3) Vaults:2     Depths (0/4) D:15          Sewer (visited)

Altars:
Ashenzari
Cheibriados
Dithmenos
Elyvilon
Fedhas
Gozag
Hepliaklqana
Kikubaaqudgha
Makhleb
Nemelex Xobeh
Okawaru
Qazlal
Ru
Sif Muna
Trog
Uskayaw
Vehumet
Wu Jian
Xom
Yredelemnul
Zin
The Shining One
Beogh
Jiyva
Lugonu

Shops:
D:6 *[   D:9 (=   D:14 ?   D:15 (   Orc:2 *!!=   Snake:1 :   Vaults:3 [
Vaults:4 (

Portals:
Abyss: Lair:5

Annotations:
Lair:1 2 transporters
Orc:1 3 runed translucent doors, tigertrap's ghost, journeyman DgFi
Vaults:4 Mennas
Vaults:5 !DONOT
Crypt:1 1 runed translucent door, Zeaghie's ghost, veteran GrEE


Innate Abilities, Weirdness & Mutations

Your spellcasting is much less encumbered by armour.
You can use scrolls of enchantment on lesser artefacts.


Message History

You feel drained.
The ancient champion attacks as it pursues you!
The ancient champion barely misses you.
The laughing skull cackles spitefully.
The bolt of negative energy hits the ancient champion but does no damage.
The ancient champion completely resists.
The bolt of negative energy hits you!
You feel drained.
The laughing skull gibbers with scorn.
The bolt of negative energy hits the ancient champion but does no damage.
The ancient champion completely resists.
The bolt of negative energy hits you!!
You feel drained. The ancient champion barely misses you.
You see here 3 stones.
The ancient champion attacks as it pursues you!
The ancient champion hits you with a +0 battleaxe of draining!
* * * LOW HITPOINT WARNING * * *
You feel drained.
* * * LOW HITPOINT WARNING * * *
The ancient champion hits you but does no damage.
You feel drained.
The laughing skull lets out a vicious peal of laugher.
The bolt of negative energy hits the ancient champion but does no damage.
The ancient champion completely resists.
The bolt of negative energy hits you!!
You feel drained.
* * * LOW HITPOINT WARNING * * *
The laughing skull lets out a vicious peal of laugher.
The bolt of negative energy hits the laughing skull.
The laughing skull completely resists.
The bolt of negative energy hits the ancient champion.
The ancient champion completely resists.
The bolt of negative energy hits you!
You feel drained.
* * * LOW HITPOINT WARNING * * *
The ancient champion attacks as it pursues you!
The ancient champion hits you with a +0 battleaxe of draining!!
* * * LOW HITPOINT WARNING * * *
You feel drained.
* * * LOW HITPOINT WARNING * * *
The laughing skull gibbers with scorn.
The bolt of negative energy hits the laughing skull.
The laughing skull completely resists.
The bolt of negative energy hits the ancient champion.
The ancient champion completely resists.
The bolt of negative energy hits you!!
You feel drained.
* * * LOW HITPOINT WARNING * * *
The laughing skull cackles spitefully.
The bolt of negative energy hits the ancient champion.
The ancient champion completely resists.
The bolt of negative energy hits you!
You feel drained.
You die...
The laughing skull crumbles to pieces from sheer joy.

#....####.....#.#
#....# ##......#
#.#..# ##.###.#
###..# #.. ### #
##..# ##.# #####
#...# .# #...#
#...# ####...#
#...# #.......
##@.# ########
#z.# #..# #z.##
## #.(.#
###.##z..#
#........#
###......#
#.....######


You could see an ancient champion (fast) and 2 laughing skulls.

Vanquished Creatures
  Mara (Vaults:4)
  Sojobo (Vaults:2)
  Bai Suzhen (Vaults:3)
  Boris (twice) (Vaults:1 Vaults:3)
  Rupert (Lair:4)
  A tentacled monstrosity (Swamp:4)
  Jorgrun (D:13)
  Mlioglotl (Snake:1)
  Asterion (Vaults:3)
  2 sphinxes
  2 thorn hunters
  Kirke (D:13)
  Roxanne (D:14)
  2 tengu reavers (Vaults:2)
  A revenant (Crypt:1)
  8 nagarajas
  5 fenstrider witches
  A curse skull (Crypt:1)
  14 vault wardens
  Louise (Swamp:1)
  2 orc warlords
  12 ironbound preservers
  2 formless jellyfish (Vaults:2)
  8 ironbound thunderhulks
  2 eleionomae
  4 bunyips
  13 dire elephants
  The ghost of juan097 the Severer, a journeyman MiBe of Trog (Orc:2)
  Snorg (Lair:5)
  A blizzard demon (Swamp:4)
  4 shambling mangroves
  A deep elf high priest (Vaults:3)
  An entropy weaver (Vaults:2)
  16 vault guards
  The ghost of cforsyth the Lord of Darkness, a journeyman MDNe of Kikubaaqudgha (Lair:1)
  12 hydras
  10 great orbs of eyes
  A hell beast (Swamp:4)
  2 rakshasas
  12 yaktaur captains
  A fenstrider witch zombie (Crypt:1)
  4 ghost crabs (Swamp:4)
  4 ogre magi
  8 alligators
  Erolcha (D:12)
  13 ironbound frosthearts
  9 anacondas
  A death knight (Crypt:1)
  6 centaur warriors (Vaults:3)
  2 boulder beetles
  15 death yaks
  12 two-headed ogres
  2 vampire magi (Crypt:1)
  2 thrashing horrors (Lair:5)
  6 orc high priests
  3 tengu warriors (D:15)
  4 occultists
  12 naga warriors
  4 shock serpents
  9 spriggans
  6 naga sharpshooters
  A soul eater (Swamp:4)
  Urug (D:11)
  A fire crab (Lair:5)
  2 skysharks
  A fire crab (shapeshifter) (Vaults:4)
  3 salamander mystics
  5 skeletal warriors (Crypt:1)
  33 deep trolls
  A sixfirhy (Swamp:4)
  11 sea snakes (Snake:4)
  2 arcanists
  6 spriggan druids
  A large abomination (Lair:5)
  A goliath frog (Lair:2)
  7 swamp dragons
  A death drake (Swamp:4)
  6 naga ritualists
  16 ironbound convokers
  5 mana vipers
  10 orc knights
  2 tengu zombies (Vaults:3)
  A glowing orange brain (Vaults:4)
  9 lindwurms
  5 bog bodies
  7 deep elf pyromancers
  A phantasmal warrior (Crypt:1)
  5 necromancers
  10 harpies
  9 orc sorcerers
  A deep elf zephyrmancer (Swamp:4)
  3 will-o-the-wisps
  3 manticores
  Maurice (D:11)
  6 cyclopes
  25 salamanders
  8 ugly things
  12 elephants
  A salamander (shapeshifter) (D:13)
  A fire giant skeleton (Crypt:1)
  12 guardian serpents
  2 kobold blastminers (Orc:1)
  43 black mambas
  21 naga magi
  2 stone giant skeletons (Vaults:3)
  A frost giant skeleton (Vaults:3)
  15 vault sentinels
  Maggie (D:7)
  An alligator snapping turtle zombie (Crypt:1)
  4 orange demons (Swamp:4)
  2 smoke demons (Swamp:4)
  A gargoyle (D:12)
  13 cane toads
  A green draconian zombie (Crypt:1)
  An unseen horror (shapeshifter) (D:13)
  A centaur skeleton (D:15)
  A freezing wraith (Crypt:1)
  An unseen horror (D:12)
  7 rime drakes
  12 komodo dragons
  Jeremiah (D:7)
  A yaktaur zombie (Vaults:3)
  An efreet (D:13)
  25 yaktaurs
  2 hellwings
  3 trolls
  A harpy zombie (Crypt:1)
  2 tarantellas (Vaults:2)
  4 tyrant leeches
  2 polar bears
  A wolf spider simulacrum (D:15)
  12 dream sheep
  14 hornets
  A raiju (Lair:5)
  22 blink frogs
  An ettin zombie (Crypt:1)
  Sigmund (D:2)
  28 slime creatures
  3 shadows
  6 wraiths
  A human (Lair:4)
  5 wyverns
  4 ynoxinuls
  A tyrant leech zombie (Crypt:1)
  35 yaks
  6 basilisks
  3 hogs (D:13)
  13 vampire mosquitoes
  3 water elementals
  5 wargs
  7 small abominations (Lair:5)
  48 nagas
  A steam dragon (Lair:3)
  7 chaos spawn
  A skyshark zombie (Crypt:1)
  A harpy simulacrum (D:15)
  11 swamp worms
  A two-headed ogre zombie (Crypt:1)
  An acid dragon (D:8)
  An ogre zombie (Vaults:3)
  19 water moccasins
  2 black bears
  A glowing shapeshifter skeleton (Vaults:4)
  An ice beast (D:5)
  A sky beast (D:8)
  25 orc warriors
  A swamp drake (Swamp:2)
  11 laughing skulls (Crypt:1)
  2 human skeletons (Vaults:4)
  9 ogres
  3 wolves (Lair:2)
  15 boggarts
  3 centaurs
  A phantom (D:5)
  2 kobold brigands
  A weeping skull (D:7)
  2 gnoll sergeants
  13 bullfrogs
  2 wyvern zombies (D:7)
  3 scorpions
  11 wights
  8 killer bees
  7 electric eels
  3 howler monkeys
  5 lava snakes
  A bombardier beetle (D:6)
  A bullfrog zombie (D:7)
  3 centaur zombies (D:7)
  2 human zombies
  3 jellies
  7 hounds
  26 orc priests
  A gnoll bouda (D:3)
  41 orc wizards
  2 iguanas
  3 sleepcaps
  Natasha (twice) (D:2)
  A killer bee zombie (Crypt:1)
  2 mummies (D:7)
  21 gnolls
  2 river rats (Sewer)
  19 adders
  A river rat (shapeshifter) (D:15)
  2 shadow imps
  2 white imps
  A lava snake zombie (Crypt:1)
  An adder skeleton (Crypt:1)
  8 dart slugs
  5 ribbon worms
  69 orcs
  12 ball pythons
  5 endoplasms
  9 giant cockroaches
  3 goblins (D:1)
  9 hobgoblins
  6 jackals
  17 kobolds
  3 quokkas (D:3)
  9 bats
  5 frilled lizards
  9 rats
1394 creatures vanquished.

Vanquished Creatures (collateral kills)
  2 killer bees (D:9)
  An orc (D:9)
3 creatures vanquished.

Vanquished Creatures (others)
  A bloated husk (Swamp:1)
  A kobold (D:6)
  9 foxfires
11 creatures vanquished.

Grand Total: 1408 creatures vanquished

Notes
Turn   | Place    | Note
-------+----------+-------------------------------------------
     0 | D:1      | Sobieck the Mountain Dwarf Earth Elementalist began the
                  | quest for the Orb.
     0 | D:1      | Reached XP level 1. HP: 14/14 MP: 3/3
   221 | D:1      | Reached XP level 2. HP: 20/20 MP: 1/5
   345 | D:1      | Reached skill level 1 in Armour
   531 | D:1      | You fall into a shaft and drop 1 floor!
   594 | D:2      | Reached XP level 3. HP: 26/26 MP: 4/6
   635 | D:2      | Reached skill level 4 in Earth Magic
   636 | D:2      | Identified the +2 dagger "Omiploca" {freeze, rC+}
   652 | D:2      | Noticed Sigmund
   669 | D:2      | Killed Sigmund
   670 | D:2      | Reached skill level 3 in Spellcasting
   670 | D:2      | Reached skill level 5 in Earth Magic
   670 | D:2      | Reached XP level 4. HP: 4/33 MP: 1/9
   670 | D:2      | Reached XP level 5. HP: 5/38 MP: 1/10
  1537 | D:2      | Noticed Natasha
  1540 | D:2      | Killed Natasha
  1670 | D:2      | Reached XP level 6. HP: 45/45 MP: 8/11
  1818 | D:2      | Noticed Natasha
  1824 | D:2      | Killed Natasha
  2253 | D:3      | Found a glowing drain.
  2257 | Sewer    | Entered a sewer
  2365 | Sewer    | Learned a level 3 spell: Stone Arrow
  2566 | Sewer    | Reached skill level 3 in Armour
  3519 | D:3      | Found a faded altar of an unknown god.
  3876 | D:3      | Reached skill level 6 in Earth Magic
  3903 | D:3      | Reached XP level 7. HP: 13/50 MP: 2/13
  5170 | D:5      | Entered Level 5 of the Dungeon
  5208 | D:5      | Reached skill level 7 in Earth Magic
  5632 | D:5      | Reached XP level 8. HP: 57/57 MP: 11/15
  5996 | D:5      | Reached skill level 8 in Earth Magic
  6575 | D:6      | Reached skill level 6 in Spellcasting
  6610 | D:6      | Found Piulague's Assorted Antiques.
  6677 | D:6      | Found an ancient bone altar of Kikubaaqudgha.
  6825 | D:6      | Found Wiqicloz's Armour Shop.
  6845 | D:6      | Bought an orb of energy for 176 gold pieces
  7270 | D:7      | Noticed Maggie
  7414 | D:7      | Reached XP level 9. HP: 62/62 MP: 15/18
  7459 | D:7      | Noticed Jeremiah
  7697 | D:7      | Killed Jeremiah
  7698 | D:7      | Reached skill level 9 in Earth Magic
  7775 | D:7      | Found a snail-covered altar of Cheibriados.
  7826 | D:7      | Killed Maggie
  7827 | D:7      | Reached skill level 6 in Armour
  7990 | D:7      | Found a basalt altar of Yredelemnul.
  8313 | D:7      | Found a staircase to the Ecumenical Temple.
  8319 | Temple   | Entered the Ecumenical Temple
  8333 | Temple   | Became a worshipper of Vehumet
  8437 | D:8      | Reached skill level 10 in Earth Magic
  8688 | D:8      | Noticed a komodo dragon
  8694 | D:8      | Killed a komodo dragon
  8766 | D:8      | Noticed a komodo dragon
  8772 | D:8      | Reached XP level 10. HP: 64/69 MP: 14/21
  9374 | D:7      | Reached * piety under Vehumet
  9374 | D:7      | Offered knowledge of Freeze by Vehumet.
  9375 | D:7      | Reached skill level 11 in Earth Magic
  9925 | D:8      | Found a staircase to the Lair.
 10124 | D:9      | Found Bamudep's Antique Weapon Shop.
 10432 | D:9      | Found a glowing silver altar of Zin.
 10547 | D:9      | Found a staircase to the Orcish Mines.
 10607 | D:9      | Found Qiuronas's Jewellery Boutique.
 10921 | D:10     | Entered Level 10 of the Dungeon
 10921 | D:10     | Noticed a two-headed ogre
 10967 | D:10     | Killed a two-headed ogre
 10968 | D:10     | Reached skill level 9 in Spellcasting
 10968 | D:10     | Reached skill level 12 in Earth Magic
 11031 | D:10     | Offered knowledge of Momentum Strike by Vehumet.
 11051 | D:9      | Reached ** piety under Vehumet
 11052 | D:9      | Reached XP level 11. HP: 57/74 MP: 20/24
 11769 | D:11     | Offered knowledge of Hailstorm by Vehumet.
 11783 | D:10     | Reached skill level 1 in Fire Magic
 11961 | D:11     | Noticed Urug
 12095 | Lair:1   | Entered Level 1 of the Lair of Beasts
 12176 | Lair:1   | Noticed cforsyth's ghost (journeyman MDNe)
 12239 | Lair:1   | Found a transporter.
 12397 | Lair:1   | Reached skill level 3 in Fire Magic
 12514 | Lair:1   | Reached skill level 13 in Earth Magic
 12569 | Lair:1   | Found a transporter.
 12845 | Lair:2   | Reached skill level 9 in Armour
 12861 | Lair:2   | Identified the +0 robe of Plasticity {+Inv Int+2}
 13051 | D:6      | Bought a pair of runed gloves for 255 gold pieces
 13437 | Lair:2   | Reached *** piety under Vehumet
 13489 | Lair:2   | Noticed a six-headed hydra
 13497 | Lair:2   | Killed a six-headed hydra
 13540 | Lair:2   | Noticed a skyshark
 13556 | Lair:2   | Killed a skyshark
 13760 | Lair:2   | Reached skill level 6 in Fire Magic
 13807 | Lair:2   | Reached XP level 12. HP: 81/81 MP: 26/26
 13815 | Lair:2   | Offered knowledge of Frozen Ramparts by Vehumet.
 14489 | Lair:2   | Found a staircase to the Swamp.
 14757 | Lair:3   | Noticed a four-headed hydra
 14778 | Lair:3   | Killed a four-headed hydra
 14779 | Lair:3   | Reached **** piety under Vehumet
 14883 | Lair:3   | Learned a level 6 spell: Plasma Beam
 14927 | Lair:3   | Reached skill level 9 in Fire Magic
 14999 | Lair:3   | Noticed an eight-headed hydra
 15005 | Lair:3   | Killed an eight-headed hydra
 15006 | Lair:3   | Reached skill level 1 in Air Magic
 15011 | Lair:3   | Offered knowledge of Volatile Blastmotes by Vehumet.
 15017 | Lair:3   | Learned a level 4 spell: Sticky Flame
 15105 | Lair:3   | Noticed a six-headed hydra
 15111 | Lair:3   | Killed a six-headed hydra
 15298 | Lair:3   | Found a staircase to the Snake Pit.
 15418 | Lair:3   | Noticed a death yak
 15420 | Lair:3   | Noticed a death yak
 15420 | Lair:3   | Noticed a death yak
 15420 | Lair:3   | Noticed a death yak
 15420 | Lair:3   | Noticed a death yak
 15421 | Lair:3   | Noticed a death yak
 15445 | Lair:2   | Killed a death yak
 15687 | Lair:3   | Killed a death yak
 15711 | Lair:2   | Killed a death yak
 15712 | Lair:2   | Reached XP level 13. HP: 86/86 MP: 8/28
 15844 | Lair:2   | Reached skill level 12 in Spellcasting
 16291 | Lair:4   | Identified the +5 ring mail of Duty {^Drain rF- rC+
                  | Will+++}
 16400 | Lair:4   | Reached skill level 3 in Air Magic
 17004 | Lair:4   | Identified the ring "Saitwih" {rC+ Str+6 Dex+3 SInv}
 17016 | Lair:4   | You fall into a shaft and drop 1 floor!
 17016 | Lair:5   | Entered Level 5 of the Lair of Beasts
 17017 | Lair:5   | Found a staircase to the Slime Pits.
 17017 | Lair:5   | Found a viscous altar of Jiyva.
 17329 | Lair:4   | Reached skill level 12 in Fire Magic
 17333 | Lair:4   | Learned a level 3 spell: Swiftness
 17478 | Lair:4   | Found a runed translucent door.
 17553 | Lair:4   | Noticed Rupert
 18075 | Lair:5   | Reached skill level 6 in Air Magic
 18397 | Lair:5   | Reached ***** piety under Vehumet
 18565 | Lair:5   | Offered knowledge of Iskenderun's Battlesphere by Vehumet.
 18572 | Lair:5   | Learned a level 5 spell: Iskenderun's Battlesphere
 18667 | Lair:5   | Reached skill level 1 in Conjurations
 18697 | Lair:4   | Reached XP level 14. HP: 81/93 MP: 13/30
 19137 | Lair:5   | Reached skill level 3 in Conjurations
 19504 | Lair:5   | Noticed Snorg
 19509 | Lair:5   | Killed Snorg
 19745 | Lair:5   | Learned a level 6 spell: Starburst
 20235 | Lair:5   | Reached skill level 1 in Fighting
 20551 | Lair:5   | Reached skill level 3 in Fighting
 20662 | Lair:5   | Found a one-way gate to the infinite horrors of the Abyss.
 20663 | Lair:5   | Found a corrupted altar of Lugonu.
 21277 | Orc:1    | Entered Level 1 of the Orcish Mines
 21320 | Orc:1    | Found a runed translucent gate.
 21320 | Orc:1    | Found a runed translucent gate.
 21321 | Orc:1    | Found a runed translucent gate.
 21345 | Orc:1    | Noticed tigertrap's ghost (journeyman DgFi)
 21744 | Orc:1    | Found a roughly hewn altar of Beogh.
 22040 | Orc:2    | Entered Level 2 of the Orcish Mines
 22110 | Orc:2    | Paralysed by an orc sorcerer for 3 turns
 22219 | Orc:1    | Reached skill level 15 in Fire Magic
 22563 | Orc:2    | Offered knowledge of Bombard by Vehumet.
 22588 | Orc:2    | Learned a level 6 spell: Bombard
 23042 | Orc:2    | Found a runed translucent gate.
 23043 | Orc:2    | Found a runed translucent gate.
 23045 | Orc:2    | Noticed juan097's ghost (journeyman MiBe)
 23101 | Orc:2    | Found a staircase to the Elven Halls.
 23158 | Orc:2    | Found a runed translucent gate.
 23223 | Orc:2    | Found Faet's Jewellery Emporium.
 23223 | Orc:2    | Found Bex Wimm's Distillery.
 23224 | Orc:2    | Found Dops's General Store.
 23228 | Orc:2    | Found Wurphezo's Distillery.
 23548 | Orc:2    | Found a roughly hewn altar of Beogh.
 23714 | D:11     | Killed Urug
 24012 | D:11     | Noticed Maurice
 24013 | D:11     | Killed Maurice
 25205 | D:12     | Noticed Erolcha
 25207 | D:12     | Killed Erolcha
 25208 | D:12     | Reached XP level 15. HP: 113/113 MP: 31/31
 25766 | D:13     | Reached skill level 14 in Earth Magic
 25823 | D:13     | Offered knowledge of Arcjolt by Vehumet.
 25871 | D:13     | Noticed Kirke
 25983 | D:13     | Killed Kirke
 26132 | D:13     | Noticed Jorgrun
 26137 | D:13     | Killed Jorgrun
 26547 | D:13     | Reached skill level 15 in Earth Magic
 26785 | D:13     | Noticed a sphinx
 26790 | D:13     | Killed a sphinx
 26979 | D:14     | Found a gate to the Vaults.
 27114 | D:14     | Reached skill level 16 in Earth Magic
 27328 | D:14     | Found Caffist's Magic Scroll Shoppe.
 27535 | D:14     | Noticed Roxanne
 27953 | D:14     | Got the Dissertation on Venin
 28226 | D:15     | Entered Level 15 of the Dungeon
 28298 | D:15     | Upgraded the game from 0.32-a0-607-g64ea0e4219 to
                  | 0.32-a0-612-g1c984fe9d1
 28366 | D:15     | Found Hutip's Weapon Emporium.
 28373 | D:15     | Reached skill level 17 in Earth Magic
 28892 | D:15     | Reached skill level 18 in Earth Magic
 29403 | D:15     | Found a staircase to the Depths.
 30092 | Snake:1  | Entered Level 1 of the Snake Pit
 30377 | D:6      | Bought a thin glowing staff for 408 gold pieces
 30377 | D:6      | Bought a potion of brilliance for 136 gold pieces
 30377 | D:6      | Bought a potion of curing for 102 gold pieces
 30377 | D:6      | Bought a scroll of teleportation for 102 gold pieces
 30656 | Snake:1  | Reached XP level 16. HP: 112/119 MP: 32/32
 30749 | Snake:1  | Found Qyaniha's Self-Published Books.
 30759 | Snake:1  | Bought the Grimoire of Modern Magic, Vol. 27 for 812 gold
                  | pieces
 30797 | Snake:1  | Reached skill level 12 in Armour
 30955 | Snake:1  | Noticed Mlioglotl
 30964 | Snake:1  | Reached ****** piety under Vehumet
 30968 | Snake:1  | Killed Mlioglotl
 31935 | Snake:2  | Offered knowledge of Lee's Rapid Deconstruction by Vehumet.
 33602 | Snake:1  | Bought the Parchment of Modern Magic, Vol. 16 for 280 gold
                  | pieces
 33608 | Snake:1  | Learned a level 5 spell: Irradiate
 33745 | Snake:2  | Reached skill level 1 in Alchemy
 34485 | Snake:3  | Reached skill level 3 in Alchemy
 35168 | Swamp:1  | Entered Level 1 of the Swamp
 35271 | Swamp:1  | Offered knowledge of Fireball by Vehumet.
 35276 | Swamp:1  | Noticed Louise
 35357 | Lair:2   | Paralysed by a hornet for 3 turns
 35362 | Lair:2   | Paralysed by a hornet for 1 turns
 35468 | Swamp:1  | Reached skill level 6 in Conjurations
 35468 | Swamp:1  | Killed Louise
 36970 | Swamp:2  | Noticed a thorn hunter
 36973 | Swamp:2  | Killed a thorn hunter
 37140 | Swamp:2  | Paralysed by a fenstrider witch for 2 turns
 37206 | Swamp:3  | Reached XP level 17. HP: 91/127 MP: 33/33
 37521 | Swamp:3  | Identified the +1 whip of Innocence {spect, *Slow Will+
                  | Int+5}
 37586 | Swamp:3  | Reached skill level 6 in Fighting
 37911 | Swamp:3  | Identified the +0 robe "Goesmac" {rPois Str+4}
 37999 | Swamp:4  | Entered Level 4 of the Swamp
 38361 | Swamp:4  | Identified the +0 scale mail of Cowardice {Harm rPois Str-5
                  | Slay-2}
 38663 | Swamp:4  | Noticed a tentacled monstrosity
 38670 | Swamp:3  | Offered knowledge of Ozocubu's Refrigeration by Vehumet.
 38724 | Swamp:4  | Killed a tentacled monstrosity
 39531 | Swamp:4  | Reached skill level 19 in Earth Magic
 39702 | Swamp:4  | Paralysed by a fenstrider witch for 5 turns
 39709 | Swamp:4  | Reached skill level 9 in Conjurations
 39994 | Swamp:4  | Got a decaying rune of Zot
 40542 | Vaults:1 | Entered Level 1 of the Vaults
 41612 | Vaults:1 | Offered knowledge of Lehudib's Crystal Spear by Vehumet.
 41660 | Vaults:1 | Learned a level 8 spell: Lehudib's Crystal Spear
 41831 | Vaults:1 | Reached skill level 20 in Earth Magic
 41831 | Vaults:1 | Reached XP level 18. HP: 141/141 MP: 35/35
 42285 | Vaults:1 | Identified the +4 robe of the Silversmith {Harm Slay+5}
 42285 | Vaults:1 | Noticed Boris
 42290 | Vaults:1 | Killed Boris
 43955 | Vaults:2 | Reached skill level 21 in Earth Magic
 43975 | Vaults:2 | Offered knowledge of Fire Storm by Vehumet.
 43975 | Vaults:2 | Offered knowledge of Shatter by Vehumet.
 43975 | Vaults:2 | Offered knowledge of Ignition by Vehumet.
 44080 | Vaults:1 | Learned a level 9 spell: Shatter
 45038 | Vaults:2 | Found a staircase to the Crypt.
 45257 | Vaults:2 | Found a basalt altar of Yredelemnul.
 45257 | Vaults:2 | Found an ancient bone altar of Kikubaaqudgha.
 45495 | Vaults:2 | Noticed Sojobo
 45808 | Vaults:2 | Killed Sojobo
 46349 | Vaults:2 | Reached skill level 22 in Earth Magic
 46912 | D:14     | Killed Roxanne
 47553 | Snake:3  | Reached XP level 19. HP: 147/147 MP: 37/37
 48992 | Snake:4  | Entered Level 4 of the Snake Pit
 49299 | Snake:4  | Reached skill level 23 in Earth Magic
 49951 | Snake:4  | Got a serpentine rune of Zot
 50946 | Orc:2    | Killed juan097's ghost
 51102 | Orc:2    | Reached skill level 15 in Spellcasting
 51181 | Orc:2    | Identified the +0 hat "Xyquuz" {Rampage rF+}
 51375 | Lair:1   | Killed cforsyth's ghost
 51584 | Lair:4   | Killed Rupert
 52563 | Vaults:3 | Reached skill level 24 in Earth Magic
 52636 | Vaults:3 | Identified the +4 robe "Gamerosy" {+Inv rPois Int+3}
 52636 | Vaults:3 | Noticed Boris
 52641 | Vaults:3 | Killed Boris
 52642 | Vaults:3 | Reached XP level 20. HP: 155/155 MP: 11/39
 52778 | Vaults:3 | Noticed Asterion
 52782 | Vaults:3 | Killed Asterion
 53043 | Vaults:3 | Learned a level 8 spell: Ignition
 53078 | Vaults:3 | Identified the +6 whip "Manozaun" {venom, *Slow rF+++ rCorr
                  | Int+4}
 53078 | Vaults:3 | Noticed Bai Suzhen
 53090 | Vaults:3 | Killed Bai Suzhen
 53546 | Vaults:3 | Reached skill level 18 in Fire Magic
 54498 | Vaults:3 | Found Witaun's Armour Emporium.
 54732 | Vaults:4 | Noticed Mennas
 55101 | Vaults:4 | Noticed Mara
 55106 | Vaults:4 | Killed Mara
 55929 | Vaults:4 | Found Baddos's Antique Weapon Emporium.
 56304 | Crypt:1  | Entered Level 1 of the Crypt
 56307 | Crypt:1  | Reached skill level 25 in Earth Magic
 56960 | Crypt:1  | Found a runed translucent door.
 56960 | Crypt:1  | Found a shimmering altar of Xom.
 56960 | Crypt:1  | Noticed Zeaghie's ghost (veteran GrEE)
 57161 | Crypt:1  | Upgraded the game from 0.32-a0-612-g1c984fe9d1 to
                  | 0.32-a0-616-g9348d4545b
 57401 | Crypt:1  | HP: 1/104 [laughing skull/bolt of negative energy (18)]
 57401 | Crypt:1  | Killed from afar by a laughing skull

Illustrated notes

Levels and vault maps discovered:
D:1:      dpeg_arrival_court, layout_basic
D:2:      layout_basic, uniq_natasha, uniq_sigmund
D:3:      layout_basic, ebering_ecumenical_altar_petrified,
          gup_sewer_entry_spiral
D:4:      layout_gridville
D:5:      layout_basic
D:6:      layout_loops_ring, lemuel_tele_altar, serial_shops, shop, shop,
          hangedman_decor_peaks_small
D:7:      layout_rooms, slow_altar_1, lemuel_mausoleum_altar_yredelemnul,
          minmay_temple_entry_enclosed_plants, serial_glass, glass_columns_b,
          glass_columns_b, glass_columns_c, glass_columns_a, uniq_jeremiah,
          uniq_maggie
D:8:      layout_basic, erik_lair_dragon
D:9:      layout_loops_ring, zin_scriptorium, david_orc_3, serial_shops,
          kennysheep_mini_moat, shop
D:10:     layout_roguey
D:11:     layout_layer_cave, serial_bayou, serial_bayou_lagoon_a,
          serial_bayou_crossing, serial_bayou_pond_c, serial_bayou_lagoon_b,
          serial_bayou_pond_a, serial_bayou_pond_b, uniq_urug, uniq_maurice
D:12:     layout_basic, drop_trap, minmay_fractal_squares_5, uniq_erolcha
D:13:     layout_rooms, minivault_22, minivault_27, kennysheep_just_a_vault,
          uniq_kirke, uniq_jorgrun
D:14:     layout_cave_pods, erik_vaults_2, serial_shops, shop, fountainhead,
          uniq_roxanne
D:15:     grunt_enter_depths_magical_seal, layout_layer_cave, serial_shops,
          nicolae_shop_bloodbath_and_beyond, serial_rivers,
          chequers_serial_rivers_micro_c, chequers_serial_rivers_marsh,
          chequers_serial_rivers_micro_e, chequers_serial_rivers_micro_b
Temple:   nicolae_temple_bog_church
Lair:1:   layout_chaotic_city, gammafunk_ghost_arena, st_stairs_11,
          infiniplex_staircase_pool_2
Lair:2:   layout_hall_layers, mainiacjoe_swamp_entry_lozenge_pond,
          portal_ice_cave_entry_pillars_2, cheibrodos_lair_reptile_den
Lair:3:   layout_hall_layers, nicolae_snake_entry_warm_welcome, serial_forest,
          infiniplex_forest_straight_5, infiniplex_forest_pool,
          infiniplex_forest_clump_double, infiniplex_forest_clump_long,
          infiniplex_forest_end_3, infiniplex_forest_zigzag_1
Lair:4:   layout_regular_city, chequers_serial_rivers_room_a,
          pdpol_lair_cabin_in_the_woods, grunt_megastairs_2
Lair:5:   hellmonk_lair_end_abyssal_woods, layout_gridlike,
          minmay_slime_entry_pillars, serial_bayou, serial_bayou_pond_d,
          serial_bayou_lake_a, serial_bayou_pond_b, serial_bayou_shore_b,
          serial_bayou_shore_b, nicolae_quartered_pool_medium,
          minmay_lair_drake_nest, uniq_snorg
Swamp:1:  layout_basic_swamp, nicolae_swamp_round_clearing, uniq_louise
Swamp:2:  layout_falls_marsh, nicolae_swamp_reclaimed_castle
Swamp:3:  layout_falls_marsh, hangedman_swamp_diagram
Swamp:4:  nzn_swamp_witches_coven, layout_basic_swamp, swamp_pool_3
Snake:1:  layout_cave_pods, nicolae_custom_books, uniq_rupert, uniq_mlioglotl
Snake:2:  layout_chambers, grunt_ministairs_8, lemuel_fruit_tree,
          nicolae_integral_box
Snake:3:  layout_onion_interference, nicolae_snake_salamander_zone
Snake:4:  grunt_snake_rune_pools, layout_cave_town,
          serial_library_hellmonk_double_dead_end, grunt_ministairs_3,
          serial_bayou_shore_a
Orc:1:    layout_caves, ebering_ghost_rock_garden, mines1_david
Orc:2:    st_orc_mages, layout_caves, biasface_ghost_orc_armoury,
          nicolae_orc_crystal_geode
Vaults:1: v_misc_26, nicolae_vaults_double_plus_2, nicolae_vaults_circle_grid_a,
          nicolae_vaults_weapon_check, v_misc_9, vaults_room_door_ring,
          v_rooms_3, layout_vaults_omnigrid, uniq_boris
Vaults:2: hangedman_vaults_stitches, nicolae_vaults_diamond_2, minmay_orc_keep,
          minmay_crypt_entry_necro_gods, nicolae_vaults_layer_cake_slice,
          v_pattern_2, v_rooms_5, nicolae_vaults_sesquioval_fish, v_misc_13,
          nicolae_vaults_trapezoid_lopsided_4, nicolae_vaults_triangles,
          nicolae_vaults_trapezoid_lopsided_1, nicolae_vaults_specimen_jars,
          layout_vaults_omnicross, uniq_sojobo
Vaults:3: vaults_dpeg_encased_lava, v_alt_pattern_4, v_misc_25,
          hangedman_vaults_nails, v_rooms_6, nicolae_vaults_closet_pinwheel_2,
          nicolae_vaults_little_squares_6, dpeg_vaults_hating_casters,
          v_misc_24, vaults_room_hallway, hangedman_vaults_impose,
          nicolae_vaults_border_crossing, nicolae_vaults_turnstiles,
          layout_vaults_ring, serial_shops, shop, uniq_bai_suzhen, uniq_asterion
Vaults:4: hangedman_vaults_nails, grunt_vaults_swirl, hangedman_vaults_cutoff,
          vaults_room_pool, nicolae_vaults_heart-shaped_vault,
          ontoclasm_vaults_chip, nicolae_vaults_stepped_doors,
          ontoclasm_vaults_ring_large, nicolae_vaults_little_squares_3,
          nicolae_vaults_tetromino_Z_2, layout_vaults_big_room, serial_shops,
          nicolae_shop_back_alley_shop, uniq_mennas, uniq_mara
Crypt:1:  layout_misc_corridors, ebering_ghost_xom,
          nicolae_crypts_crumbling_nooks

Skill      XL: |  1  2  3  4  5  6  7  8  9 10 11 12 13 14 15 16 17 18 19 20 |
---------------+-------------------------------------------------------------+-----
Spellcasting   | 2 3 4 5 6 7 9 10 11 12 13 14 15 16 | 16.0
Armour         | 1 2 3 4 5 6 8 9 10 11 14 | 14.0
Earth Magic    | 5 6 7 8 10 12 13 18 20 22 24 25 | 25.0
Fire Magic     | 6 10 13 16 18 | 18.6
Air Magic      | 1 6 |  6.0
Conjurations   | 1 5 7 9 |  9.0
Fighting       | 5 8 |  8.0
Alchemy        | 5 |  5.0
Dodging        | |  1.3
Stealth        | |  1.4
Invocations    | |  0.7

Action                     |  1- 3 |  4- 6 |  7- 9 | 10-12 | 13-15 | 16-18 | 19-21 || total
---------------------------+-------+-------+-------+-------+-------+-------+-------++-------
  Melee: Unarmed           |     4 |       |       |       |       |       |       ||     4
         Dagger            |       |       |     2 |       |       |       |       ||     2
         Staff             |       |       |       |       |     5 |     1 |     1 ||     7
   Cast: Sandblast         |    43 |   138 |   228 |   399 |   355 |    66 |       ||  1229
         Stone Arrow       |       |       |     7 |    66 |    27 |     7 |     2 ||   109
         Plasma Beam       |       |       |       |     2 |   239 |   395 |    16 ||   652
         Iskenderun's Batt |       |       |       |       |    25 |     2 |       ||    27
         Starburst         |       |       |       |       |    28 |     1 |       ||    29
         Bombard           |       |       |       |       |    40 |   123 |     3 ||   166
         Sticky Flame      |       |       |       |       |     2 |     2 |       ||     4
         Swiftness         |       |       |       |       |     2 |       |       ||     2
         Irradiate         |       |       |       |       |       |    19 |     1 ||    20
         Shatter           |       |       |       |       |       |    58 |   279 ||   337
         Lehudib's Crystal |       |       |       |       |       |    10 |     9 ||    19
         Ignition          |       |       |       |       |       |       |    22 ||    22
  Evoke: Wand              |       |       |       |     6 |       |       |       ||     6
    Use: Potion            |     4 |       |     1 |     2 |     2 |     3 |     5 ||    17
         Scroll            |       |       |    16 |    12 |     7 |    10 |     2 ||    47
 Armour: Robe              |    26 |    58 |    99 |   297 |   115 |    31 |    20 ||   646
         Chain mail        |       |       |       |       |   159 |   143 |       ||   302
         Plate armour      |       |       |       |       |       |   260 |   159 ||   419
  Dodge: Dodged            |    19 |    54 |    81 |   244 |    97 |    72 |    26 ||   593

Table legend: (Time is in decaauts)
 A = Elapsed time spent in this place.
 B = Non-inter-level travel time spent in this place.
 C = Inter-level travel time spent in this place.
 D = Time resting spent in this place.
 E = Time spent auto-exploring this place.
 F = Levels seen in this place.
 G = Mean time per level.
                   A        B        C        D        E       F      G
               +--------+--------+--------+--------+--------+-----+--------+
         Total |  58912 |  53219 |   5693 |  14381 |  26686 |  37 | 1592.2 |
       Dungeon |  19782 |  16984 |   2798 |   1304 |  12802 |  15 | 1318.8 |
        Temple |     28 |      1 |     27 |      0 |      0 |   1 |   28.0 |
          Lair |  10235 |   8913 |   1322 |   2337 |   4407 |   5 | 2047.0 |
         Swamp |   5213 |   5007 |    206 |   2154 |   1471 |   4 | 1303.2 |
     Snake Pit |   8011 |   7378 |    633 |   2787 |   2867 |   4 | 2002.8 |
  Orcish Mines |   2691 |   2575 |    116 |    861 |   1059 |   2 | 1345.5 |
        Vaults |  10890 |  10303 |    587 |   4422 |   3054 |   4 | 2722.5 |
         Crypt |    888 |    888 |      0 |    418 |    173 |   1 |  888.0 |
         Sewer |   1169 |   1169 |      0 |     97 |    851 |   1 | 1169.0 |
               +--------+--------+--------+--------+--------+-----+--------+

Top non-repeatable levels by time:
Vaults:2: 3702 daAuts
 Snake:2: 3445 daAuts
Vaults:1: 3257 daAuts
     D:8: 3111 daAuts
Vaults:3: 3106 daAuts
  Lair:4: 2653 daAuts
  Lair:2: 2532 daAuts
  Lair:5: 2482 daAuts
 Swamp:4: 1803 daAuts
 Snake:1: 1798 daAuts
    D:15: 1553 daAuts
    D:14: 1547 daAuts
 Snake:3: 1479 daAuts
   Orc:2: 1427 daAuts
  Lair:3: 1387 daAuts
